Map: Fields of Death

Players

Newo

  • Race: Terran Terran
  • League: Diamond
  • Spawn Location: 6:00

Marticus

  • Race: Terran Terran
  • League: Diamond
  • Spawn Location: 7:00

Loken

  • Race: Protoss Protoss
  • League: Platinum
  • Spawn Location: 12:00

dallaskuken

  • Race: Protoss Protoss
  • League: Platinum
  • Spawn Location: 12:00

VOD

Have the link to the VOD?

Description

Time

  • Played on: April 6, 2017, 8:23 a.m.
  • Length: 11:33
Show
View Real Time Build Order
Export as new Build Order

Newo Terran 

Build Orders: Reaper Expand, Bio Mine 

Get SALT Encoding   

  12  0:00  SCV  
  13  0:13  SCV  
  14  0:19  Supply Depot  
  14  0:25  SCV  
  15  0:41  SCV  
  16  0:43  Barracks  
  16  0:46  Refinery  
  16  0:53  SCV  
  17  1:05  SCV  
  18  1:17  SCV  
  19  1:30  Reaper  
  19  1:32  Orbital Command  
  20  1:47  Command Center  
  20  1:58  Refinery  
  20  1:59  Supply Depot  
  20  2:01  SCV  
  21  2:05  Barracks Reactor  
  21  2:13  SCV  
  22  2:18  Barracks  
  22  2:34  SCV  
  22  2:35  Factory  
  22  2:45  Marine x2  
  22  2:46  SCV  
  25  2:52  Engineering Bay  
  26  2:58  SCV  
  26  3:02  Orbital Command, Marine  
  26  3:03  Marine  
  28  3:06  Barracks Tech Lab  
  28  3:13  SCV  
  29  3:20  Factory Reactor  
  29  3:21  Terran Infantry Weapons Level 1  
  29  3:25  SCV, Marine  
  31  3:30  Stimpack  
  31  3:33  SCV  
  32  3:36  Marine  
  32  3:38  Marine  
  32  3:40  SCV  
  35  3:47  Starport  
  35  3:49  SCV  
  35  3:54  Missile Turret  
  36  3:58  Marine x2  
  36  4:00  SCV  
  36  4:01  SCV  
  40  4:06  Missile Turret  
  40  4:08  Marine  
  41  4:14  SCV, Supply Depot  
  41  4:16  Marine  
  43  4:17  SCV  
  43  4:21  Marine  
  45  4:24  Factory Tech Lab  
  45  4:29  SCV  
  46  4:36  SCV, Medivac x2  
  46  4:37  Supply Depot  
  51  4:40  Supply Depot  
  51  4:42  SCV  
  51  4:45  Marine x2  
  54  4:58  Marine  
  54  4:59  SCV x2  
  57  5:10  Command Center  
  57  5:11  SCV  
  58  5:15  Marine x2  
  58  5:16  Medivac, Siege Tank  
  58  5:19  SCV, Refinery  
  58  5:20  Refinery  
  66  5:26  Terran Infantry Armor Level 1  
  66  5:31  SCV  
  67  5:37  SCV  
  68  5:43  SCV  
  68  5:45  Supply Depot x2  
  68  5:48  Marine  
  70  6:07  SCV x2, Marine x2, Siege Tank  
  70  6:20  SCV x2  
  70  6:21  Marine  
  70  6:22  Combat Shields  
  70  6:24  Orbital Command, Marine  
  74  6:26  Missile Turret  
  74  6:30  Marine  
  75  6:36  Armory  
  75  6:39  SCV x2, Marine, Supply Depot  
  78  6:40  Supply Depot x2  
  78  6:41  Supply Depot  
  78  6:42  Marine  
  76  7:00  Marine x3  
  79  7:06  SCV x3, Barracks  
  79  7:08  Barracks x2  
  82  7:10  Refinery, Barracks  
  82  7:11  Refinery  
  82  7:18  SCV, Marine  
  82  7:19  SCV  
  82  7:21  Factory  
  85  7:22  Terran Infantry Weapons Level 2  
  85  7:24  Supply Depot  
  85  7:25  Terran Vehicle And Ship Armor Level 1  
  85  7:36  Marine x3  
  88  7:37  Medivac x2, Siege Tank  
  95  7:47  Drilling Claws  
  95  7:51  SCV x2  
  97  7:53  Supply Depot  
  97  7:54  Marine  
  98  8:04  Command Center  
  98  8:05  Barracks Reactor  
  98  8:06  Barracks Reactor x3  
  98  8:07  Medivac  
  100  8:13  Marine x3  
  100  8:15  Factory Reactor  
  100  8:17  Supply Depot  
  100  8:18  Widow Mine  
  100  8:19  Medivac  
  107  8:22  SCV x3  
  110  8:31  Marine x3  
  113  8:34  SCV  
  113  8:38  SCV x2  
  113  8:39  Supply Depot  
  116  8:43  Marine x8  
  116  8:46  Widow Mine, SCV  
  127  8:49  Marine x3  
  127  8:50  SCV x2  
  127  8:52  Widow Mine x2  
  136  8:58  SCV  
  136  9:00  Marine  
  136  9:01  Marine x5  
  136  9:02  Supply Depot  
  143  9:03  SCV x2  
  145  9:10  SCV  
  145  9:15  Widow Mine  
  146  9:21  Widow Mine  
  148  9:27  Widow Mine  
  148  9:28  Marine  
  148  9:29  Marine x9  
  146  9:49  Widow Mine  
  146  9:50  Marine  
  146  9:51  Marine x5  
  142  10:01  Marine  
  142  10:02  Widow Mine, Marine x4  
  142  10:03  Medivac, Factory Reactor  
  142  10:04  Medivac  
  153  10:08  Marine x2  
  153  10:09  Marine x2  
  157  10:18  Widow Mine, Starport  
  159  10:23  Supply Depot  
  159  10:27  Marine x6  
  159  10:28  Marine x3  
  168  10:31  Widow Mine, Planetary Fortress  
  168  10:33  Medivac  
  168  10:34  Medivac  
  174  10:38  Command Center  
  174  10:45  Supply Depot  
  174  10:46  Widow Mine  
  176  10:59  Widow Mine  
Show
View Real Time Build Order
Export as new Build Order

Marticus Terran 

Build Orders: Reaper Expand, MMM Bio 

Get SALT Encoding   

  12  0:00  SCV  
  13  0:13  SCV  
  14  0:18  Supply Depot  
  14  0:25  SCV  
  14  0:28  Refinery  
  15  0:40  SCV  
  16  0:46  Barracks  
  16  0:52  SCV  
  17  1:04  SCV  
  18  1:17  SCV  
  19  1:32  Orbital Command  
  19  1:33  Reaper  
  20  1:50  Command Center  
  20  1:59  Factory  
  20  2:04  SCV  
  20  2:07  Barracks Reactor  
  21  2:15  Supply Depot  
  21  2:16  SCV  
  21  2:21  Refinery  
  22  2:31  SCV  
  24  2:44  SCV  
  24  2:53  Starport  
  24  2:56  SCV  
  25  3:02  Engineering Bay  
  25  3:04  Hellion x2  
  29  3:09  SCV  
  29  3:11  Orbital Command  
  29  3:23  Barracks Tech Lab  
  29  3:26  Widow Mine x2  
  33  3:30  Medivac  
  35  3:35  SCV  
  35  3:39  Supply Depot  
  36  3:43  SCV  
  36  3:47  SCV  
  38  3:55  SCV  
  39  3:59  SCV  
  39  4:00  Liberator  
  36  4:11  SCV  
  36  4:12  SCV  
  36  4:15  Marine x2  
  40  4:17  Siege Tank  
  46  4:26  SCV x2  
  48  4:31  Supply Depot  
  48  4:35  Supply Depot  
  48  4:36  Marine x2  
  50  4:50  Siege Tank  
  53  4:54  SCV x2, Marine x2  
  53  4:57  Supply Depot  
  56  5:17  Marine x2  
  58  5:27  Siege Tank  
  58  5:28  SCV x2  
  63  5:30  Medivac  
  63  5:33  Command Center  
  63  5:34  Barracks, Marine  
  63  5:35  Marine  
  67  5:40  SCV x2  
  69  5:44  Refinery x2  
  69  5:52  SCV x2, Marine x2, Supply Depot  
  74  6:04  SCV  
  70  6:19  Stimpack  
  70  6:21  Barracks x2  
  70  6:23  Barracks  
  70  6:28  Barracks  
  70  6:29  Widow Mine x2  
  70  6:31  SCV x2  
  76  6:39  Barracks Reactor  
  76  6:48  Marine  
  77  7:06  Marine  
  78  7:23  Barracks Reactor  
  78  7:24  Barracks Reactor, Marine  
  78  7:25  Barracks Tech Lab  
  78  7:26  Barracks Tech Lab  
  55  7:46  Starport Reactor  
  55  7:48  Combat Shields  
  55  7:49  Concussive Shells  
  55  7:50  Marine x2  
  57  7:51  Marauder  
  57  7:52  Marauder x2, Widow Mine x2  
  57  7:56  SCV x2  
  69  8:06  Marine x2  
  69  8:07  Marine x2  
  69  8:08  Marine x2  
  69  8:11  SCV x2  
  78  8:13  Marauder x3, Orbital Command  
  83  8:24  Marine x3, Engineering Bay  
  83  8:25  Marine  
  83  8:26  Marine x2, Engineering Bay  
  89  8:29  Medivac x2  
  93  8:41  Marine x3  
  93  8:42  Marine  
  93  8:43  SCV x3  
  93  8:46  Refinery  
  100  8:51  Terran Infantry Weapons Level 1  
  100  8:52  Terran Infantry Armor Level 1  
  100  8:55  SCV  
  101  9:07  Supply Depot  
  101  9:08  Supply Depot  
  101  9:10  Supply Depot  
  101  9:28  Widow Mine x2, Marauder, Marine x2  
  101  9:29  Marine x4  
  101  9:30  Marauder x2  
  117  9:34  Supply Depot  
  117  9:35  Supply Depot  
  117  9:37  Armory  
  117  9:38  Supply Depot  
  117  9:55  Viking, Marine x2  
  117  9:56  Marauder x2  
  117  9:57  Viking, Marine x5  
  132  10:13  Marine  
  127  10:15  Marauder, Marine x2  
  127  10:17  Marauder x2  
  127  10:20  Marine x2  
  127  10:21  Marine  
  116  10:22  Widow Mine x2  
  101  10:29  Medivac  
  101  10:30  Medivac  
  101  10:31  Marine  
  101  10:32  Marine x2  
  101  10:35  SCV x3  
  111  10:36  Marine  
  111  10:38  Marine x2  
  114  10:42  Marine  
  114  10:43  Marine x2  
  114  10:49  Marine  
  118  10:50  SCV x3, Marine x2, Refinery  
  118  10:54  Marine, Command Center  
  124  10:59  Medivac x2  
  124  11:02  SCV  
  129  11:07  Marine x2  
  129  11:08  Marine x5  
  129  11:09  Marauder  
Show
View Real Time Build Order
Export as new Build Order

Loken Protoss 

Build Orders:  

Get SALT Encoding   

  12  0:01  Probe (Chrono Boost)  
  13  0:11  Probe (Chrono Boost)  
  14  0:18  Pylon  
  14  0:23  Probe (Chrono Boost)  
  15  0:36  Probe (Chrono Boost)  
  15  0:40  Gateway  
  16  0:46  Assimilator  
  16  0:47  Probe (Chrono Boost)  
  17  0:57  Probe (Chrono Boost)  
  17  1:02  Pylon  
  18  1:08  Probe (Chrono Boost)  
  19  1:19  Probe (Chrono Boost)  
  20  1:29  Cybernetics Core  
  20  1:36  Assimilator, Probe (Chrono Boost)  
  21  1:46  Probe (Chrono Boost)  
  22  1:48  Pylon  
  22  2:03  Probe (Chrono Boost)  
  23  2:08  Stalker  
  23  2:14  Mothership Core (Chrono Boost)  
  27  2:28  Warp Gate  
  27  2:37  Probe (Chrono Boost)  
  27  2:56  Stalker  
  27  2:58  Probe (Chrono Boost)  
  30  3:08  Probe (Chrono Boost)  
  31  3:22  Nexus  
  31  3:24  Probe (Chrono Boost)  
  32  3:27  Stargate  
  32  3:41  Pylon  
  32  3:46  Forge, Nexus  
  32  3:51  Probe (Chrono Boost)  
  33  4:02  Probe (Chrono Boost)  
  26  4:13  Probe (Chrono Boost)  
  27  4:23  Probe (Chrono Boost)  
  28  4:27  Void Ray  
  32  4:34  Probe (Chrono Boost)  
  32  4:37  Photon Cannon  
  33  4:39  Probe (Chrono Boost)  
  33  4:44  Probe (Chrono Boost)  
  35  4:52  Probe (Chrono Boost)  
  36  4:55  Pylon, Probe (Chrono Boost)  
  35  5:12  Void Ray  
  39  5:19  Pylon  
  34  5:32  Photon Cannon  
  34  5:49  Photon Cannon  
  31  6:01  Stalker  
  33  6:07  Probe (Chrono Boost)  
  32  6:26  Phoenix  
  32  6:28  Probe (Chrono Boost)  
  35  6:33  Probe (Chrono Boost)  
  26  7:42  Probe (Chrono Boost)  
  27  7:45  Probe (Chrono Boost)  
  28  7:51  Stargate  
  28  7:52  Pylon  
  28  7:53  Probe (Chrono Boost)  
  28  7:55  Probe (Chrono Boost)  
  30  7:59  Robotics Facility  
  30  8:03  Probe (Chrono Boost)  
  31  8:06  Probe (Chrono Boost)  
  32  8:13  Stargate  
  32  8:14  Probe (Chrono Boost)  
  32  8:15  Stargate  
  32  8:17  Probe (Chrono Boost)  
  34  8:24  Assimilator, Probe (Chrono Boost)  
  35  8:27  Probe (Chrono Boost)  
  35  8:28  Assimilator  
  36  8:35  Probe (Chrono Boost)  
  36  8:38  Probe (Chrono Boost)  
  38  8:45  Probe (Chrono Boost)  
  40  8:48  Probe (Chrono Boost)  
  40  8:50  Observer  
  41  8:56  Probe (Chrono Boost)  
  41  8:59  Probe (Chrono Boost)  
  41  9:01  Phoenix x2  
  41  9:02  Phoenix  
  49  9:06  Probe (Chrono Boost)  
  50  9:17  Probe x2 (Chrono Boost)  
  52  9:27  Probe x2 (Chrono Boost)  
  54  9:38  Probe x2 (Chrono Boost)  
  56  9:48  Probe (Chrono Boost)  
  57  9:58  Phoenix x3  
  55  10:31  Phoenix x3  
  61  10:45  Nexus  
  61  11:01  Nexus  
Show
View Real Time Build Order
Export as new Build Order

dallaskuken Protoss 

Build Orders: 1 Gate Expand 

Get SALT Encoding   

  12  0:02  Probe (Chrono Boost)  
  13  0:12  Probe (Chrono Boost)  
  14  0:21  Pylon  
  14  0:23  Probe (Chrono Boost)  
  15  0:39  Gateway, Probe (Chrono Boost)  
  17  0:50  Probe (Chrono Boost)  
  17  1:00  Probe (Chrono Boost)  
  18  1:19  Probe (Chrono Boost), Nexus  
  19  1:28  Cybernetics Core  
  19  1:30  Probe (Chrono Boost)  
  20  1:34  Assimilator  
  20  1:41  Probe (Chrono Boost)  
  20  1:46  Assimilator  
  21  1:49  Pylon  
  21  1:52  Probe (Chrono Boost)  
  22  2:03  Probe (Chrono Boost)  
  23  2:13  Probe (Chrono Boost)  
  24  2:19  Stalker  
  26  2:24  Probe (Chrono Boost)  
  27  2:31  Probe (Chrono Boost)  
  27  2:34  Probe (Chrono Boost)  
  27  2:35  Warp Gate  
  29  2:42  Probe (Chrono Boost)  
  30  2:45  Probe (Chrono Boost)  
  31  2:52  Probe (Chrono Boost)  
  31  2:55  Probe (Chrono Boost)  
  33  3:03  Probe (Chrono Boost)  
  34  3:06  Probe (Chrono Boost)  
  34  3:11  Stalker  
  37  3:13  Probe (Chrono Boost)  
  37  3:17  Pylon, Probe (Chrono Boost)  
  39  3:24  Probe (Chrono Boost)  
  40  3:27  Probe (Chrono Boost)  
  40  3:31  Stargate  
  41  3:34  Probe (Chrono Boost)  
  41  3:36  Assimilator  
  41  3:40  Assimilator  
  42  3:45  Probe (Chrono Boost)  
  43  3:50  Pylon  
  43  3:52  Forge  
  44  3:55  Probe (Chrono Boost)  
  44  4:37  Probe (Chrono Boost)  
  45  4:43  Void Ray  
  49  4:48  Probe (Chrono Boost)  
  49  4:49  Fleet Beacon  
  49  4:51  Stargate  
  50  4:53  Stargate  
  50  4:58  Probe (Chrono Boost)  
  51  5:24  Pylon  
  51  5:26  Pylon  
  46  5:31  Photon Cannon  
  46  5:33  Carrier  
  52  5:37  Photon Cannon  
  52  5:43  Pylon  
  52  5:50  Stalker  
  52  5:51  Carrier  
  56  6:25  Probe (Chrono Boost)  
  57  6:33  Pylon  
  57  6:35  Probe (Chrono Boost)  
  57  6:37  Carrier, Pylon  
  64  6:46  Probe (Chrono Boost)  
  65  7:03  Carrier  
  65  7:06  Stalker  
  65  7:32  Protoss Air Weapons Level 1  
  65  7:36  Carrier  
  65  7:41  Mothership Core (Chrono Boost)  
  73  7:49  Protoss Shields Level 1  
  73  8:19  Pylon  
  79  8:20  Pylon  
  79  8:25  Nexus  
  79  8:32  Carrier  
  79  8:34  Carrier  
  91  8:43  Photon Cannon  
  91  8:44  Photon Cannon  
  91  8:47  Photon Cannon  
  91  8:50  Pylon  
  91  8:52  Assimilator  
  91  8:56  Assimilator  
  91  9:11  Protoss Air Armor Level 1  
  73  10:01  Carrier  
  82  10:35  Mothership Core (Chrono Boost)  
Tags
 
Add a new tag
Caveats
  • Supply blocks, unpowered buildings, or Contaminate may cause inaccurate times.
  • Supply counts are checked every 10 seconds.